 Dungeon Crawl Stone Soup version 0.22-a0-422-g9628fc8 (webtiles) character file.

408 Kairos the Chopper (level 6, -4/33 HPs)
             Began as a Vine Stalker Fighter on May 19, 2018.
             Slain by a gnoll
             ... wielding a +0 whip
              (5 damage)
             ... on level 4 of the Dungeon.
             The game lasted 00:08:25 (3127 turns).

Kairos the Chopper (Vine Stalker Fighter)           Turns: 3127, Time: 00:08:26

Health: -4/33      AC: 10    Str: 21    XL:     6   Next: 88%
Magic:  0/7        EV:  5    Int:  8    God:
Gold:   231        SH:  9    Dex: 13    Spells: 5/5 levels left

rFire    . . .     SeeInvis .   a - +0 war axe
rCold    . . .     Gourm    .   c - +0 shield
rNeg     . . .     Faith    .   u - +0 chain mail
rPois    .         Spirit   +   (no helmet)
rElec    .         Reflect  .   w - +0 cloak
rCorr    .         Harm     .   (no gloves)
MR       .....                  (no boots)
Stlth    ..........             (no amulet)
HPRegen  0.51/turn              s - ring of wizardry
MPRegen  0.10/turn              (no ring)

@: lethally poisoned (-4 -> -8), glowing
A: fangs 2, regeneration 1, magic shield, antimagic bite, no potion heal 3, rot
immunity
a: no special abilities


You were on level 4 of the Dungeon.
You were very hungry.

You visited 1 branch of the dungeon, and saw 4 of its levels.

You collected 231 gold pieces.

Inventory:

Hand Weapons
 a - a +0 war axe (weapon)
Armour
 b - a +0 scale mail
 c - a +0 shield (worn)
 u - a +0 chain mail (worn)
 w - a +0 cloak (worn)
Jewellery
 s - a ring of wizardry (left hand)
Wands
 q - a wand of random effects (13)
 x - a wand of disintegration (9)
Scrolls
 e - 4 scrolls of identify {unknown}
 g - a scroll of remove curse {unknown}
 i - 4 scrolls of teleportation {unknown}
 k - a scroll of fog {unknown}
 l - 2 scrolls of immolation {unknown}
 n - a scroll of enchant armour {unknown}
 p - 2 scrolls of fear {unknown}
Potions
 d - a potion of might
 h - 2 potions of berserk rage {unknown}
 j - a potion of ambrosia {unknown}
 m - a potion of resistance {unknown}
 o - a potion of heal wounds {unknown}
 r - a potion of magic {unknown}
 t - a potion of curing {unknown}
 v - a potion of agility {unknown}
Comestibles
 f - 9 rations


   Skills:
 + Level 3.7 Fighting
 + Level 4.7 Axes
 + Level 3.0 Armour
 + Level 0.9 Dodging
 + Level 0.2 Stealth
 + Level 3.6 Shields


You had 5 spell levels left.
You didn't know any spells.
Your spell library contained the following spells:

 Spells                   Type           Power        Failure   Level  Hunger
 Spider Form              Tmut/Pois      #.........   100%        3    ####...
 Blade Hands              Tmut           #.........   100%        5    ######.
 Ice Form                 Ice/Tmut       #.......     100%        4    #####..
 Sticks to Snakes         Tmut           #.......     100%        2    ###....
 Beastly Appendage        Tmut           #.....       99%         1    ##.....


Dungeon Overview and Level Annotations

Branches:
Dungeon (4/15)
 Temple: D:4-7

Altars:


Innate Abilities, Weirdness & Mutations

You have extremely sharp teeth.
Your natural rate of healing is unusually fast.
When hurt, damage is shared between your health and your magic reserves.
Your bite disrupts and absorbs the magic of your enemies.
Potions cannot restore your health.
You are immune to rotting.


Message History

You closely miss the gnoll.
Your shield and chain mail prevent you from hitting the gnoll.
You feel sick. The gnoll barely misses you.
The worker ant bites you but does no damage.
You block the gnoll's attack. The gnoll hits you but does no damage.
The gnoll completely misses you.
The worker ant waves its antennae.
You block the worker ant's attack.
Okay, then.
You feel sick. The gnoll hits you but does no damage.
You block the worker ant's attack.
You feel sick.
You feel sick.
You feel sick. The worker ant barely misses you.
There is a stone staircase leading up here.
You feel sick. The worker ant bites you.
* * * LOW HITPOINT WARNING * * *
You are lethally poisoned!
The worker ant poisons you! The gnoll hits you with a whip.
You die...

.... ... #..###..
#..#...
########(...# .
#..........# ...
#.........)##.....
#.........))......
#....g.g..###.....
#...@a....# ....
#....g....# ...
#.........# ##
#.........#
###########


You could see a worker ant and 3 gnolls.

Vanquished Creatures
  An ogre (D:3)
  A gnoll shaman (D:4)
  An orc wizard (D:3)
  Crazy Yiuf (D:3)
  Natasha (thrice) (D:2)
  2 gnolls (D:4)
  6 adders
  A worm (D:3)
  2 dart slugs
  2 leopard geckos
  4 orcs (D:3)
  9 bats
  9 giant cockroaches
  8 goblins
  12 hobgoblins
  13 kobolds
  A quokka (D:3)
  5 frilled lizards
  5 rats (D:1)
  A plant (D:3)
87 creatures vanquished.

Notes
Turn   | Place    | Note
-------+----------+-------------------------------------------
     0 | D:1      | Kairos the Vine Stalker Fighter began the quest for the Orb.
     0 | D:1      | Reached XP level 1. HP: 11/11 MP: 2/2
    13 | D:1      | Reached XP level 2. HP: 16/16 MP: 3/3
   493 | D:1      | Reached skill level 2 in Axes
   559 | D:1      | Reached XP level 3. HP: 20/20 MP: 4/4
  1160 | D:2      | Noticed Natasha
  1167 | D:2      | Killed Natasha
  1167 | D:2      | Gained mutation: Your natural rate of healing is unusually fast. [Vine Stalker growth]
  1167 | D:2      | Reached XP level 4. HP: 24/24 MP: 5/5
  1321 | D:2      | Reached skill level 3 in Axes
  1340 | D:2      | Noticed Natasha
  1348 | D:2      | Killed Natasha
  1428 | D:2      | Reached XP level 5. HP: 28/28 MP: 6/6
  1611 | D:2      | Noticed Natasha
  1618 | D:2      | Killed Natasha
  2039 | D:3      | Noticed an ogre
  2325 | D:3      | Reached XP level 6. HP: 32/32 MP: 7/7
  2454 | D:3      | Reached skill level 4 in Axes
  2561 | D:3      | Found a transporter.
  2563 | D:3      | Found a transporter.
  2646 | D:3      | Found a runed door.
  2758 | D:3      | Noticed Crazy Yiuf
  2762 | D:3      | Killed Crazy Yiuf
  3127 | D:4      | HP: 1/33 [worker ant (2)]
  3127 | D:4      | Slain by a gnoll

Vault maps used:
D:1:      sevenhm_arrival_forest_fort_small_3
D:2:      uniq_natasha
D:3:      gammafunk_wand_slinger, first_ration, kennysheep_minor_cross,
          uniq_crazy_yiuf_cottage
D:4:      minitemple, minmay_crystal_room, tgw_trog, uniq_menkaure,
          uniq_blork_the_orc

Skill      XL: |  1  2  3  4  5  6 |
---------------+-------------------+-----
Axes           | 2 3 4 |  4.7
Shields        | 3 |  3.6
Fighting       | 3 |  3.7
Armour         | 3 |  3.0
Dodging        | |  0.9
Stealth        | |  0.2

Action                   |  1- 3 |  4- 6 || total
-------------------------+-------+-------++-------
Melee: War axe           |    93 |   134 ||   227
       Bite              |    17 |    33 ||    50
Evoke: Wand              |       |    12 ||    12
  Eat: Chunk             |       |     6 ||     6
Armor: Scale mail        |    44 |    25 ||    69
       Chain mail        |       |    64 ||    64
Dodge: Dodged            |    30 |    40 ||    70
Block: Shield            |    56 |    79 ||   135

Table legend:
 A = Spawn XP
 B = Non-spawn XP
 C = Spawn XP percentage of total XP
 D = Spawn monster count
 E = Non-spawn monster count
 F = Spawn count percentage of total count
 G = Total turns spent on level
                    A         B        C        D         E        F      G
               +---------+---------+-------+---------+---------+-------+---------
         Total |       0 |     584 |   0.0 |       0 |      86 |   0.0 |  3127
               +---------+---------+-------+---------+---------+-------+---------
           D:1 |       0 |      57 |   0.0 |       0 |      34 |   0.0 |  1199
           D:2 |       0 |     192 |   0.0 |       0 |      26 |   0.0 |   968
           D:3 |       0 |     267 |   0.0 |       0 |      23 |   0.0 |   934
           D:4 |       0 |      68 |   0.0 |       0 |       3 |   0.0 |    26
               +---------+---------+-------+---------+---------+-------+---------
